 Dungeon Crawl Stone Soup version 0.20-a0-17-g69bea3c (webtiles) character file.

2937 GameOver the Covert (level 9, 0/54 HPs)
             Began as an Octopode Assassin on Nov 4, 2016.
             Was a Believer of Qazlal.
             Slain by a hippogriff (8 damage)
             ... on level 8 of the Dungeon on Nov 5, 2016.
             The game lasted 00:51:18 (6188 turns).

GameOver the Covert (Octopode Assassin)             Turns: 6188, Time: 00:51:19

Health: 0/54       AC:  4    Str: 10    XL:     9   Next: 80%
Magic:  12/12      EV: 18    Int: 13    God:    Qazlal [**....]
Gold:   353        SH:  6    Dex: 17    Spells: 0 memorised, 8 levels left

rFire  . . .     SeeInvis .     r - +1 long sword
rCold  + . .     Gourm    .     C - +0 buckler
rNeg   + + .     Faith    .     (helmet restricted)
rPois  .         Spirit   .     v - amulet of rage
rElec  .         Reflect  .     l - +3 ring of protection
rCorr  .         Harm     .     n - ring of positive energy
MR     .....                    y - ring of protection from cold
Stlth  +++++.....               j - ring of flight
                                S - ring of positive energy
                                (no ring)
                                (no ring)
                                (no ring)

@: drained
A: almost no armour, stealthy swim, amphibious, 8 rings, constrict 8, camouflage
1, gelatinous body 1
a: Upheaval, Renounce Religion, Evoke Berserk Rage, Evoke Flight


You were on level 8 of the Dungeon.
You worshipped Qazlal.
Qazlal was pleased with you.
You were not hungry.

You visited 2 branches of the dungeon, and saw 10 of its levels.

You collected 353 gold pieces.

Inventory:

Hand Weapons
 a - a +2 dagger
 b - a +0 blowgun
 g - a +0 hunting sling
 i - a +4 short sword
 q - a +4 trident
 r - a +1 long sword (weapon)
 J - a +0 shortbow
Missiles
 c - 29 poisoned needles
 d - 2 curare-tipped needles
 k - 105 stones
 o - 35 bolts
 p - 3 javelins (quivered)
 x - 183 arrows
 F - 14 tomahawks
 Q - 4 needles of sleeping
Armour
 C - a +0 buckler (worn)
Magical Staves
 B - an uncursed staff of poison
Jewellery
 j - a ring of flight (on tentacle)
 l - a +3 ring of protection (left tentacle)
 n - a ring of positive energy (right tentacle)
 v - an amulet of rage (around mantle)
 y - a ring of protection from cold (on tentacle)
 S - a ring of positive energy (on tentacle)
Scrolls
 e - 4 scrolls of teleportation {unknown}
 h - 3 scrolls of remove curse
 s - 3 scrolls of blinking {unknown}
 t - a scroll of enchant armour {unknown}
 u - a scroll of magic mapping {unknown}
 D - a scroll of fear
 E - 2 scrolls of fog {unknown}
 G - 2 scrolls of enchant weapon {unknown}
 K - a scroll of immolation
 N - a scroll of summoning
 O - 2 scrolls of amnesia
Potions
 m - a potion of haste
 w - a potion of cure mutation
 H - a potion of curing
 I - 2 potions of flight
 L - a potion of cancellation
Books
 P - a book of Cantrips

   Spells                             Type                      Level
   a - Confusing Touch                Hexes                        1
   b - Animate Skeleton               Necromancy                   1
   c - Summon Small Mammal            Summoning                    1
   d - Apportation                    Translocation                1
Comestibles
 f - 6 bread rations
 z - a slice of pizza
 A - 2 meat rations
 M - a royal jelly


   Skills:
 - Level 2.0(1.8) Fighting
 - Level 4.9(4.8) Short Blades
 + Level 0.4(2.9) Long Blades
 - Level 2.0(1.8) Throwing
 + Level 8.7(8.5) Dodging
 - Level 11.2(11.0) Stealth
 + Level 4.6(4.5) Invocations
 + Level 3.1(2.9) Evocations


You had 8 spell levels left.
You didn't know any spells.

Dungeon Overview and Level Annotations

Branches:
Dungeon (9/15)             Temple (1/1) D:5
   Lair: D:8-11         Orc: D:9-12

Altars:
Ashenzari
Cheibriados
Dithmenos
Elyvilon
Fedhas
Gozag
Hepliaklqana
Kikubaaqudgha
Makhleb
Nemelex Xobeh
Qazlal
Ru
Uskayaw
Vehumet
Xom
The Shining One

Annotations:
D:4 Duvessa
D:5 Menkaure


Innate Abilities, Weirdness & Mutations

You cannot wear most types of armour.
You are very stealthy in the water. (Stealth+)
You are amphibious.
You can wear up to eight rings at the same time.
You can use your tentacles to constrict eight enemies at once.
Your skin changes colour to match your surroundings (Stealth+).
Your rubbery body absorbs attacks. (AC +1, EV +1)


Message History

The hippogriff claws you.
* * * LOW HITPOINT WARNING * * *
Unknown command.
You are too injured to fight recklessly!
Unknown command.
You slash the hippogriff! You squeeze the hippogriff!
The hippogriff is severely wounded.
The hippogriff closely misses you. The hippogriff pecks you.
* * * LOW HITPOINT WARNING * * *
The hippogriff misses you.
Unknown command.
You barely miss the hippogriff. You squeeze the hippogriff.
The hippogriff is almost dead.
The hippogriff barely misses you. You block the hippogriff's attack.
The hippogriff claws you.
* * * LOW HITPOINT WARNING * * *
The hippogriff bites you.
* * * LOW HITPOINT WARNING * * *
The hippogriff pecks you!
You die...

#.# #.# #.###.# #.....#
###.### #.# #.# #######
#.# ......#
###[######...
#####.######....@H....#
# #...>......§.§##.#>#
# ########.#.#..# #
#.#.....# # #.###..#.#
######## # ..#.#.#
........ ##..##.#
######## #.# .# #


You could see a hippogriff.

Vanquished Creatures
  A hornet (D:8)
  A hippogriff (D:8)
  Sigmund (D:6)
  2 ice beasts
  A phantom (D:6)
  3 ogres
  4 centaurs
  3 bullfrogs
  A wyvern zombie (D:7)
  A water moccasin zombie (D:8)
  A scorpion (D:5)
  Dowan (D:4)
  3 wights (D:8)
  A howler monkey (D:5)
  A bullfrog zombie (D:6)
  4 crimson imps
  A hound (D:5)
  3 jellies
  6 orc priests
  5 orc wizards
  A bullfrog skeleton (D:5)
  2 centaur skeletons
  An iguana (D:8)
  4 worker ants
  4 gnolls (D:5)
  4 adders
  A shadow imp (D:7)
  An ooze (D:1)
  A worm (D:2)
  3 dart slugs
  2 leopard geckos
  21 orcs
  A ball python (D:1)
  4 giant cockroaches
  5 goblins
  4 hobgoblins
  9 jackals
  3 quokkas
  5 bats
  2 frilled lizards
  9 kobolds
  A quokka zombie (D:9)
  9 rats
141 creatures vanquished.

Notes
Turn   | Place    | Note
-------+----------+-------------------------------------------
     0 | D:1      | GameOver the Octopode Assassin began the quest for the Orb.
     0 | D:1      | Reached XP level 1. HP: 14/14 MP: 1/1
    20 | D:1      | Noticed a salamander
    20 | D:1      | Noticed a black bear
    58 | D:1      | Reached XP level 2. HP: 19/19 MP: 2/2
   382 | D:1      | Reached XP level 3. HP: 24/24 MP: 3/3
  1154 | D:2      | Reached skill level 6 in Stealth
  1493 | D:3      | Reached XP level 4. HP: 20/29 MP: 4/4
  2203 | D:4      | Noticed an ogre
  2217 | D:4      | Killed an ogre
  2217 | D:4      | Reached skill level 7 in Stealth
  2217 | D:4      | Reached XP level 5. HP: 34/34 MP: 5/5
  2398 | D:4      | Noticed Duvessa
  2398 | D:4      | Noticed Dowan
  2431 | D:4      | Reached XP level 6. HP: 27/39 MP: 6/6
  2678 | D:4      | Killed Dowan
  2678 | D:4      | Reached skill level 8 in Stealth
  2788 | D:5      | Entered Level 5 of the Dungeon
  2836 | D:5      | Noticed an ice beast
  2857 | D:5      | Found a staircase to the Ecumenical Temple.
  2874 | Temple   | Entered the Ecumenical Temple
  2910 | Temple   | Became a worshipper of Qazlal Stormbringer
  2963 | D:5      | Reached skill level 5 in Dodging
  2994 | D:5      | Reached XP level 7. HP: 45/45 MP: 7/7
  3081 | D:5      | Reached skill level 9 in Stealth
  3343 | D:6      | Reached skill level 10 in Stealth
  3465 | D:5      | Reached XP level 8. HP: 32/50 MP: 8/8
  3668 | D:5      | Reached * piety under Qazlal
  3761 | D:5      | Noticed Menkaure
  4094 | D:6      | Reached skill level 11 in Stealth
  4240 | D:6      | Noticed Sigmund
  4278 | D:6      | Upgraded the game from 0.20-a0-16-g0876c8e to 0.20-a0-17-g69bea3c
  4450 | D:6      | Reached skill level 1 in Invocations
  4504 | D:6      | Killed Sigmund
  4826 | D:6      | Reached XP level 9. HP: 47/54 MP: 10/10
  5515 | D:7      | Reached skill level 1 in Evocations
  5849 | D:7      | You fall through a shaft for 2 floors!
  5853 | D:9      | Reached ** piety under Qazlal
  5999 | D:8      | Noticed a hornet
  6006 | D:8      | Killed a hornet
  6188 | D:8      | Slain by a hippogriff

Vault maps used:
D:1:      onia_arrival_zoo_common, minmay_octomino_e4
D:4:      uniq_duvessa
D:5:      first_bread, uniq_menkaure
D:6:      uniq_sigmund
D:8:      uniq_joseph
D:9:      david_orc_4, serial_shops, nicolae_shop_stone,
          nicolae_shop_overgrown_old_shop, grunt_livestock, st_stairs_13,
          sword_in_stone
Temple:   grunt_wide_crystal_templ

Skill      XL: |  1  2  3  4  5  6  7  8  9 |
---------------+----------------------------+-----
Dodging        | 2 3 4 5 6 7 8 |  8.7
Stealth        | 6 7 8 10 11 | 11.2
Invocations    | 2 4 |  4.6
Short Blades   | 3 4 |  4.9
Evocations     | 3 |  3.1
Fighting       | |  2.0
Long Blades    | |  0.4
Throwing       | |  2.0

Action                   |  1- 3 |  4- 6 |  7- 9 || total
-------------------------+-------+-------+-------++-------
Melee: Dagger            |    21 |    42 |       ||    63
       Constrict         |    15 |    12 |    36 ||    63
       Tentacles         |     5 |    14 |    60 ||    79
       Short sword       |    44 |    22 |   261 ||   327
       Long sword        |       |       |    11 ||    11
 Fire: Blowgun           |     4 |     9 |     4 ||    17
  Use: Potion            |     2 |       |     8 ||    10
       Scroll            |       |       |    11 ||    11
 Stab: Sleeping          |    16 |     4 |     7 ||    27
       Invisible         |       |       |     3 ||     3
  Eat: Chunk             |     2 |     4 |    11 ||    17
Armor: Skin              |     8 |    11 |    59 ||    78
Dodge: Dodged            |    32 |    28 |   174 ||   234
Block: Buckler           |       |     3 |    58 ||    61
